 Dungeon Crawl Stone Soup version 0.30-a0-187-gd9c2deaf24 (webtiles) character file.

Game seed: 12303166777707820612

127 Nerdsrcool the Shooter (level 4, 0/34 HPs)
             Began as a Minotaur Hunter on Oct 3, 2022.
             Slain by a polar bear (7 damage)
             ... created by the rage of Trog
             ... on level 3 of the Dungeon.
             The game lasted 00:11:56 (1758 turns).

Nerdsrcool the Shooter (Minotaur Hunter)            Turns: 1758, Time: 00:11:56

Health: 0/34       AC:  4    Str: 13 (15) XL:     4   Next: 85%
Magic:  3/3        EV: 12    Int:  4 (6)  God:
Gold:   134        SH:  0    Dex: 15 (16) Spells: 3/3 levels left

rFire   . . .      SeeInvis .    a - +0 shortbow (vorpal)
rCold   . . .      Faith    .    (shield currently unavailable)
rNeg    . . .      Spirit   .    c - +1 leather armour
rPois   .          Reflect  .    (helmet restricted)
rElec   .          Harm     .    (no cloak)
rCorr   .          Rampage  .    (no gloves)
Will    .....                    (no boots)
Stlth   +.........               (no amulet)
HPRegen 0.25/turn                (no ring)
MPRegen 0.08/turn                (no ring)

@: no status effects
A: horns 2, retaliatory headbutt, frail 1, evolution 1
a: no special abilities


You were on level 3 of the Dungeon.
You visited 1 branch of the dungeon, and saw 3 of its levels.

You collected 134 gold pieces.

Inventory:

Hand Weapons
 a - a +0 vorpal shortbow (weapon)
 m - a -1 whip
Missiles
 d - 12 stones
 p - 6 poisoned darts
Armour
 c - a +1 leather armour (worn)
Jewellery
 r - a +4 ring of evasion
Wands
 q - a wand of charming (7)
Scrolls
 b - 3 scrolls of immolation
 e - a scroll of magic mapping
 g - a scroll of vulnerability
 j - a scroll of teleportation
 l - a scroll of poison
Potions
 h - 3 potions of attraction
 k - a potion of cancellation


   Skills:
 + Level 3.0 Fighting
 + Level 6.2 Ranged Weapons
 + Level 1.7 Armour
 + Level 2.5 Dodging
 + Level 0.9 Stealth


You had 3 spell levels left.
You didn't know any spells.
Your spell library contained the following spells:

 Spells                   Type           Power      Damage    Failure   Level
 Slow                     Hex            0%         N/A       58%         1
 Confusing Touch          Hex            0%         N/A       91%         3
 Vampiric Draining        Necr           0%         2d6       91%         3


Dungeon Overview and Level Annotations

Branches:
Dungeon (3/15)

Altars:
Trog


Innate Abilities, Weirdness & Mutations

You have a pair of horns on your head.
You reflexively headbutt those who attack you in melee.
You are frail. (-10% HP)
You have hidden genetic potential.


Message History

The orc dies!
Your polar bear rages.
You see here a bat corpse.
You hear an angry hiss.
An adder comes into view.
The adder hisses angrily.
The adder moves out of view.
You now have 134 gold pieces (gained 9).
You feel a bit more experienced.
You hear an angry growl.
Your black bear rages.
Your polar bear rages.
The black bear is no longer charmed.
The black bear barely misses you. The black bear claws you.
The black bear claws you but does no damage.
You shoot an arrow. The arrow barely misses the black bear.
The black bear bites you but does no damage.
The black bear closely misses you. The black bear claws you.
Your polar bear bites the black bear!!
Your polar bear claws the black bear!
Your polar bear misses the black bear.
The black bear bites you.
* * * LOW HITPOINT WARNING * * *
The black bear claws you but does no damage.
The black bear claws you.
* * * LOW HITPOINT WARNING * * *
You feel better. The black bear closely misses you.
The black bear completely misses you. The black bear claws you.
Your polar bear bites the black bear.
Your polar bear claws the black bear.
Your polar bear claws the black bear!
The black bear dies!
You swap places.
Your polar bear rages.
The polar bear is no longer charmed.
The polar bear closely misses you.
The polar bear claws you but does no damage.
The polar bear barely misses you.
You are too injured to fight recklessly!
You shoot an arrow. The arrow hits the polar bear.
The polar bear is heavily wounded.
The polar bear barely misses you. The polar bear claws you. x2
* * * LOW HITPOINT WARNING * * *
The polar bear bites you!
You die...

##. #... # ##...
.. .... ...##..##
#.....# #
#.#...######.
##.##.#.)........
......##@h#......
..........#.#....
......††.........
.....##)###.#.#..
.... #.# .#
##.####.###.#.#
#............#
#..###.###.### #
###.###


You could see a polar bear (berserk).

Vanquished Creatures
  A black bear (D:3)
  4 adders
  A worm (D:2)
  3 dart slugs
  An orc (D:3)
  5 bats
  7 endoplasms
  2 giant cockroaches (D:2)
  6 goblins
  4 hobgoblins
  4 jackals (D:2)
  2 quokkas
  7 ball pythons
  7 frilled lizards
  6 kobolds
  7 rats
67 creatures vanquished.

Vanquished Creatures (collateral kills)
  A polar bear (D:3)
  A black bear (D:3)
  An adder (D:3)
  A dart slug (D:3)
  An orc (D:3)
5 creatures vanquished.

Grand Total: 72 creatures vanquished

Notes
Turn   | Place    | Note
-------+----------+-------------------------------------------
     0 | D:1      | Nerdsrcool the Minotaur Hunter began the quest for the Orb.
     0 | D:1      | Reached XP level 1. HP: 18/18 MP: 0/0
   113 | D:1      | Reached XP level 2. HP: 25/25 MP: 1/1
   131 | D:1      | Reached skill level 5 in Ranged Weapons
   559 | D:1      | Reached XP level 3. HP: 28/30 MP: 2/2
   601 | D:1      | You fall into a shaft and drop 1 floor!
   769 | D:1      | Found a faded altar of an unknown god.
   859 | D:1      | Prayed at the altar of an unknown god.
   859 | D:1      | Became a worshipper of Trog the Wrathful
   859 | D:1      | Reached * piety under Trog
   906 | D:1      | Fell from the grace of Trog
   995 | D:2      | Reached skill level 1 in Armour
  1143 | D:2      | Reached XP level 4. HP: 38/38 MP: 3/3
  1264 | D:2      | Reached skill level 6 in Ranged Weapons
  1480 | D:3      | Gained mutation: You are frail. (-10% HP) [potion of
                  | mutation]
  1480 | D:3      | Gained mutation: You have hidden genetic potential. [potion
                  | of mutation]
  1706 | D:3      | Paralysed by Trog for 7 turns
  1727 | D:3      | Noticed a polar bear
  1727 | D:3      | Noticed a polar bear
  1727 | D:3      | Noticed a black bear
  1727 | D:3      | Noticed a black bear
  1730 | D:3      | Killed a polar bear
  1733 | D:3      | Killed a black bear
  1751 | D:3      | Killed a black bear
  1758 | D:3      | Slain by a polar bear

Illustrated notes

Levels and vault maps discovered:
D:1:      elethiomel_arrival_infinity_welcomes_careful_drivers, layout_rooms,
          ebering_ecumenical_altar_rust
D:2:      layout_rooms
D:3:      layout_loops_ring, kennysheep_orc_chapel

Skill      XL: |  1  2  3  4 |
---------------+-------------+-----
Ranged Weapons | 5 6 |  6.2
Armour         | 1 |  1.7
Fighting       | 3 |  3.0
Dodging        | |  2.5
Stealth        | |  0.9

Action                   |  1- 3 |  4- 6 || total
-------------------------+-------+-------++-------
 Fire: Shortbow          |    87 |    55 ||   142
Invok: Renounce Religion |     1 |       ||     1
Evoke: Wand              |       |     2 ||     2
  Use: Scroll            |    10 |       ||    10
       Potion            |     5 |     5 ||    10
Armor: Leather armour    |     7 |    12 ||    19
Dodge: Dodged            |    24 |    35 ||    59

Table legend: (Time is in decaauts)
 A = Elapsed time spent in this place.
 B = Non-inter-level travel time spent in this place.
 C = Inter-level travel time spent in this place.
 D = Time resting spent in this place.
 E = Time spent auto-exploring this place.
 F = Levels seen in this place.
 G = Mean time per level.
                   A        B        C        D        E       F      G
               +--------+--------+--------+--------+--------+-----+--------+
         Total |   1781 |   1717 |     64 |    283 |    752 |   3 |  593.7 |
       Dungeon |   1781 |   1717 |     64 |    283 |    752 |   3 |  593.7 |
               +--------+--------+--------+--------+--------+-----+--------+

Top non-repeatable levels by time:
     D:1: 892 daAuts
     D:2: 573 daAuts
     D:3: 314 daAuts
